 Dungeon Crawl Stone Soup version 0.29.1-14-g9c671dbff4 (webtiles) character file.

Game seed: 1915949632688921935

6909 112233 the Zephyrmancer (level 10, -6/76 HPs)
             Began as a Demonspawn Air Elementalist on Feb 13, 2023.
             Was a Believer of Sif Muna.
             Mangled by Erica
             ... wielding a +4 scimitar of flaming
              (8 damage)
             ... on level 9 of the Dungeon.
             The game lasted 00:12:18 (9535 turns).

112233 the Zephyrmancer (DsAE)                      Turns: 9535, Time: 00:12:19

Health: -6/76      AC:  3    Str:  9    XL:     10   Next: 79%
Magic:  0/41       EV: 14    Int: 21    God:    Sif Muna [**....]
Gold:   385        SH:  0    Dex: 13    Spells: 15/27 levels left

rFire   . . .      SeeInvis .   U - +1 demon whip (venom)
rCold   . . .      Faith    .   (no shield)
rNeg    . . .      Spirit   +   a - +0 robe
rPois   .          Reflect  .   (no helmet)
rElec   .          Harm     .   l - scarf {repulsion}
rCorr   .          Rampage  +   (gloves unavailable)
Will    .....                   D - +0 pair of boots {rampage}
Stlth   ++........              (no amulet)
HPRegen 0.22/turn               q - ring of magical power
MPRegen 0.54/turn               h - ring of magical power

@: repel missiles
A: powered by death 2, magic shield, magic regeneration, magic link, demonic
touch 3
a: Renounce Religion, Channel Magic


You were on level 9 of the Dungeon.
You worshipped Sif Muna.
Sif Muna was pleased with you.
You visited 1 branch of the dungeon, and saw 9 of its levels.

You collected 657 gold pieces.
You spent 272 gold pieces at shops.

Inventory:

Hand Weapons
 c - a +0 short sword
 s - a +0 short sword of freezing
 x - a +2 whip of venom
 U - a +1 demon whip of venom (weapon)
Armour
 a - a +0 robe (worn)
 l - a scarf of repulsion (worn)
 w - a +0 pair of boots
 D - a +0 pair of boots of rampaging (worn)
 J - a +0 pair of gloves
 R - a +0 pair of boots
Magical Staves
 f - a staff of earth
 I - a staff of cold
Jewellery
 h - a ring of magical power (right hand)
 n - a +4 ring of protection
 p - a ring of poison resistance
 q - a ring of magical power (left hand)
 u - a ring of fire
 N - a ring of magical power
Wands
 E - a wand of flame (29)
 M - a wand of charming (12)
 Q - a wand of roots (3)
 S - a wand of digging (4)
Scrolls
 d - 2 scrolls of amnesia
 g - 2 scrolls of butterflies
 k - 2 scrolls of summoning
 o - a scroll of enchant armour
 t - 3 scrolls of teleportation
 v - a scroll of immolation {unknown}
 y - 2 scrolls of noise
 C - a scroll of silence {unknown}
 F - 3 scrolls of fear
 G - a scroll of poison {unknown}
 K - a scroll of enchant weapon {unknown}
 P - a scroll of magic mapping {unknown}
 T - a scroll of brand weapon {unknown}
Potions
 b - 3 potions of mutation
 e - 2 potions of haste
 i - 2 potions of berserk rage
 m - 3 potions of degeneration
 r - 3 potions of invisibility
 z - a potion of magic
 A - 2 potions of flight {unknown}
 B - 2 potions of heal wounds {unknown}
 H - 2 potions of curing {unknown}
 L - 4 potions of attraction {unknown}
 O - a potion of cancellation {unknown}


   Skills:
 - Level 5.8 Fighting
 + Level 6.7 Dodging
 - Level 1.7 Stealth
 * Level 9.0 Spellcasting
 - Level 1.0 Conjurations
 * Level 9.7 Air Magic


You had 15 spell levels left.
You knew the following spells:

 Your Spells              Type           Power      Damage    Failure   Level
a - Shock                 Conj/Air       100%       1d9       1%          1
b - Static Discharge      Conj/Air       32%        3-7/arc   1%          2
c - Airstrike             Air            25%        2d(4-20)  1%          4
d - Swiftness             Air            50%        N/A       1%          3
e - Blink                 Tloc           18%        N/A       11%         2

Your spell library contained the following spells:

 Spells                   Type           Power      Damage    Failure   Level
 Poisonous Vapours        Pois/Air       58%        N/A       1%          2
 Necrotise                Necr           36%        1d5       7%          1
 Corpse Rot               Necr/Pois/Air  23%        N/A       19%         4
 Lesser Beckoning         Tloc           9%         N/A       22%         3
 Vampiric Draining        Necr           9%         2d6       22%         3
 Agony                    Necr           9%         N/A       89%         5
 Manifold Assault         Tloc           9%         N/A       89%         5


Dungeon Overview and Level Annotations

Branches:
Dungeon (9/15)             Temple (0/1) D:7            Lair (0/5) D:8
    Orc: D:9-12

Altars:
Cheibriados
Gozag
Hepliaklqana
Ru
Sif Muna
Vehumet
Xom

Shops:
D:4 [   D:6 ==[??   D:7 *

Annotations:
D:1 exclusion: downstairs
D:3 2 transporters, Ijyb; Sigmund; nubinia's ghost, amateur SpAM
D:4 exclusions: downstairs and upstairs
D:5 3 runed translucent doors, Silencio's ghost, novice HOFi
D:6 2 runed translucent doors
D:7 3 runed translucent doors, MinkTDR's ghost, novice MiFi; P0WERM0DE's ghost, novice PaIE; Touch's ghost, novice DjCj; nikirochi's ghost, novice OpBr
D:9 Erica


Innate Abilities, Weirdness & Mutations

You regenerate health from kills.
When hurt, damage is shared between your health and your magic reserves.
You regenerate magic rapidly.
When low on magic, you restore magic in place of health.
Your touch may irresistibly damage your foes and sap their willpower.


Message History

Erica hits you with a +4 scimitar of flaming!
Erica burns you!
Unknown command.
Unknown command.
Casting: Static Discharge (safe; 1% risk of failure)
Confirm with . or Enter, or press ? or * to list all spells.
Erica is struck by an arc of lightning!
Erica is severely wounded.
You are struck by an arc of lightning.
The lightning grounds out.
Erica hits you with a +4 scimitar of flaming!!
Erica burns you!
Erica points at you and mumbles some strange words.
The bolt of poison misses you.
Unknown command.
Unknown command.
Casting: Static Discharge (safe; 1% risk of failure)
Confirm with . or Enter, or press ? or * to list all spells.
Erica is struck by an arc of lightning.
Erica is almost dead.
You are struck by an arc of lightning.
The lightning grounds out.
Erica hits you with a +4 scimitar of flaming!
Erica burns you.
Erica looks angry.
Erica completely misses you.
Unknown command.
Casting: Static Discharge (safe; 1% risk of failure)
Confirm with . or Enter, or press ? or * to list all spells.
Erica is struck by an arc of lightning.
Erica is almost dead.
You are struck by an arc of lightning.
* * * LOW HITPOINT WARNING * * *
Erica is struck by an arc of lightning.
Erica is almost dead.
You are struck by an arc of lightning.
* * * LOW HITPOINT WARNING * * *
The lightning grounds out.
Erica hits you with a +4 scimitar of flaming!
* * * LOW HITPOINT WARNING * * *
Erica burns you!
You die...

#...##..##..# # #....
#...##..##..# # #....
#...##..##..# # #....
#...##..##..# # #....
#...##..##..# # #....
#...##..##..# # #....
#...##..##..####
#...@##...##..##......
#....@................
######################


You could see Erica.

Vanquished Creatures
  Amaemon (D:8)
  Joseph (D:9)
  An orange demon (D:8)
  A kobold demonologist (D:9)
  Prince Ribbit (D:8)
  A hornet (D:9)
  3 wyverns
  8 yaks
  8 water moccasins
  An ice beast (D:7)
  2 ogres (D:5)
  3 centaurs
  A phantom (D:5)
  6 bullfrogs
  4 scorpions
  A gnoll sergeant (D:6)
  14 wights
  2 howler monkeys
  2 vampire bats (D:5)
  3 jellies
  2 hounds (D:6)
  2 orc priests (D:6)
  Jessica (D:3)
  An iguana (D:6)
  2 orc wizards
  7 adders
  15 gnolls
  A shadow imp (D:7)
  An ufetubus (D:3)
  2 worms (D:2)
  3 dart slugs
  22 orcs
  6 ball pythons
  16 bats
  5 endoplasms
  3 giant cockroaches
  7 goblins
  2 hobgoblins
  6 jackals
  4 quokkas
  A frilled lizard (D:2)
  8 kobolds
  10 rats
191 creatures vanquished.

Vanquished Creatures (others)
  2 withered plants (D:7)
2 creatures vanquished.

Grand Total: 193 creatures vanquished

Notes
Turn   | Place    | Note
-------+----------+-------------------------------------------
     0 | D:1      | 112233 the Demonspawn Air Elementalist began the quest for
                  | the Orb.
     0 | D:1      | Reached XP level 1. HP: 13/13 MP: 3/3
   341 | D:1      | Gained mutation: You regenerate a little health from kills.
                  | [demonic ancestry]
   341 | D:1      | Reached XP level 2. HP: 12/19 MP: 0/5
   714 | D:1      | Gained mutation: You regenerate magic rapidly. [demonic
                  | ancestry]
   714 | D:1      | Reached XP level 3. HP: 24/24 MP: 0/7
   749 | D:1      | Learned a level 2 spell: Static Discharge
  1410 | D:2      | Gained mutation: Your touch may inflict minor irresistible
                  | damage on your foes. [demonic ancestry]
  1410 | D:2      | Reached XP level 4. HP: 28/30 MP: 10/10
  1416 | D:2      | Learned a level 3 spell: Swiftness
  1660 | D:2      | Found a faded altar of an unknown god.
  1785 | D:2      | You fall into a shaft and drop 1 floor!
  2369 | D:3      | Noticed Jessica
  2372 | D:3      | Killed Jessica
  2373 | D:3      | Reached skill level 5 in Spellcasting
  2373 | D:3      | Reached XP level 5. HP: 35/35 MP: 12/12
  2378 | D:3      | Learned a level 4 spell: Airstrike
  2466 | D:3      | Found a shimmering blue altar of Sif Muna.
  2478 | D:3      | Became a worshipper of Sif Muna the Loreminder
  2498 | D:3      | Found a transporter.
  2527 | D:3      | Found a transporter.
  2530 | D:3      | Noticed nubinia's ghost (amateur SpAM)
  2539 | D:3      | Noticed Sigmund
  2551 | D:3      | Noticed Ijyb
  2910 | D:4      | Found Asicawa's Antique Armour Shop.
  3080 | D:4      | Found a hazy altar of Hepliaklqana.
  3584 | D:5      | Entered Level 5 of the Dungeon
  3605 | D:5      | Noticed an ogre
  3645 | D:5      | Noticed an ogre
  3695 | D:5      | Killed an ogre
  3696 | D:5      | Reached skill level 1 in Fighting
  3696 | D:5      | Gained mutation: When hurt, damage is shared between your
                  | health and your magic reserves. [demonic ancestry]
  3696 | D:5      | Reached XP level 6. HP: 27/43 MP: 13/13
  4259 | D:5      | Gained mutation: You regenerate health from kills. [demonic
                  | ancestry]
  4259 | D:5      | Reached XP level 7. HP: 46/50 MP: 15/15
  4485 | D:5      | Found a runed translucent gate.
  4485 | D:5      | Found a runed translucent gate.
  4485 | D:5      | Found a runed translucent gate.
  4493 | D:5      | Noticed Silencio's ghost (novice HOFi)
  4561 | D:5      | Noticed a steam dragon
  4568 | D:6      | Found Roivapp's Jewellery Shop.
  4571 | D:6      | Reached * piety under Sif Muna
  4958 | D:6      | Reached skill level 5 in Air Magic
  5148 | D:6      | Gained mutation: Your touch may inflict irresistible damage
                  | on your foes. [demonic ancestry]
  5148 | D:6      | Reached XP level 8. HP: 54/58 MP: 16/16
  5155 | D:6      | Found Devun's Antique Armour Shop.
  5163 | D:6      | Bought a pair of glowing boots for 142 gold pieces
  5325 | D:6      | Found Joxtu's Magic Scroll Boutique.
  5330 | D:6      | Bought a scroll of fear for 52 gold pieces
  5330 | D:6      | Bought a scroll of butterflies for 52 gold pieces
  5330 | D:6      | Bought a scroll of identify for 26 gold pieces
  5351 | D:6      | Found a large runed translucent door.
  5367 | D:6      | Found a large runed translucent door.
  5542 | D:6      | Learned a level 2 spell: Blink
  5581 | D:6      | Found Niedoco's Magic Scroll Shoppe.
  5707 | D:6      | Found Nugruz's Jewellery Boutique.
  6118 | D:7      | Found an opulent altar of Gozag.
  6119 | D:7      | Found Gozag's Platinum Reserve.
  6125 | D:7      | Gained mutation: When low on magic, you restore magic in
                  | place of health. [demonic ancestry]
  6125 | D:7      | Reached XP level 9. HP: 66/66 MP: 19/19
  6157 | D:7      | Found a runed translucent gate.
  6157 | D:7      | Found a runed translucent gate.
  6157 | D:7      | Found a runed translucent gate.
  6159 | D:7      | Noticed MinkTDR's ghost (novice MiFi)
  6159 | D:7      | Noticed Touch's ghost (novice DjCj)
  6160 | D:7      | Noticed P0WERM0DE's ghost (novice PaIE)
  6160 | D:7      | Noticed nikirochi's ghost (novice OpBr)
  6182 | D:7      | Found a staircase to the Ecumenical Temple.
  6348 | D:7      | Found a radiant altar of Vehumet.
  6365 | D:7      | Reached ** piety under Sif Muna
  6434 | D:7      | Reached skill level 5 in Fighting
  6434 | D:7      | Reached skill level 5 in Dodging
  6966 | D:8      | Noticed Prince Ribbit
  6972 | D:8      | Killed Prince Ribbit
  7353 | D:9      | Noticed a kobold demonologist
  7529 | D:8      | Gained mutation: Your touch may irresistibly damage your
                  | foes and sap their willpower. [demonic ancestry]
  7529 | D:8      | Reached XP level 10. HP: 68/76 MP: 21/21
  7654 | D:8      | Noticed Amaemon
  7803 | D:9      | Identified the +2 falchion "Liykh" {vorpal, Fly rC+ SInv}
  7891 | D:9      | Found a snail-covered altar of Cheibriados.
  7892 | D:9      | Found a shimmering altar of Xom.
  8137 | D:8      | Found a staircase to the Lair.
  8385 | D:8      | Killed Amaemon
  8568 | D:8      | Noticed an orange demon
  8578 | D:8      | Killed an orange demon
  9047 | D:9      | Noticed Joseph
  9053 | D:9      | Killed Joseph
  9376 | D:9      | Found a sacrificial altar of Ru.
  9525 | D:9      | Noticed Erica
  9535 | D:9      | HP: 2/76 [Erica/+4 scimitar of flaming (15)]
  9535 | D:9      | Mangled by Erica

Illustrated notes

Levels and vault maps discovered:
D:1:      minmay_arrival_loop, layout_basic, st_stairs_3
D:2:      layout_rooms, shapermc_ecumenical_altar_ellora, minmay_misc_feat_tiny
D:3:      layout_rooms, nicolae_sif_muna_little_library,
          gammafunk_ghost_mausoleum, nrook_loot_triangle, minmay_rat_hole,
          uniq_sigmund, uniq_ijyb, uniq_jessica
D:4:      layout_basic, mainiacjoe_overflow_six_doors_small, serial_shops,
          nicolae_square_shop
D:5:      layout_loops_corners, gammafunk_ghost_necromancy, roderic_batcave
D:6:      layout_loops_ring, jmf_multi_god_temple2, serial_shops, shop,
          shop_fountains, nicolae_stop_n_shop_1, shop, kennysheep_mini_moat
D:7:      layout_gridville, mainiacjoe_overflow_paths,
          nicolae_gozag_zags_fifth_avenue, minmay_temple_entry_antechambers,
          gammafunk_ghost_cemetery
D:8:      layout_loops_ring, lair_entry_dummy, uniq_amaemon, uniq_prince_ribbit1
D:9:      layout_long_grid, gammafunk_temple_overflow_pools,
          mainiacjoe_overflow_alcove_1, grunt_dithmenos_shadows,
          grunt_ministairs_8, amethyst_killhole, uniq_joseph, uniq_erica

Skill      XL: |  1  2  3  4  5  6  7  8  9 10 |
---------------+-------------------------------+-----
Spellcasting   | 3 4 5 6 7 9 |  9.0
Dodging        | 2 3 4 5 6 |  6.7
Air Magic      | 3 4 5 6 8 9 |  9.7
Fighting       | 1 2 3 4 5 |  5.8
Stealth        | |  1.7
Conjurations   | |  1.0

Action                   |  1- 3 |  4- 6 |  7- 9 | 10-12 || total
-------------------------+-------+-------+-------+-------++-------
Melee: Short sword       |    10 |     6 |       |       ||    16
       Whip              |       |     1 |     6 |       ||     7
       Touch             |       |       |     1 |       ||     1
 Cast: Shock             |    85 |   114 |    63 |       ||   262
       Static Discharge  |     1 |    25 |    55 |    11 ||    92
       Airstrike         |       |       |    66 |    65 ||   131
       Swiftness         |       |       |     1 |       ||     1
  Use: Potion            |     1 |     1 |     1 |       ||     3
       Scroll            |       |     3 |     5 |     1 ||     9
Armor: Robe              |     8 |    15 |    13 |     5 ||    41
Dodge: Dodged            |    16 |    44 |    45 |    27 ||   132
       Repelled          |       |     1 |       |       ||     1
